 Dungeon Crawl Stone Soup version 0.26.1-11-gd32895ea62 (webtiles) character file.

Game seed: 12824343917687916598

1347 ubername the Cleaver (level 8, -9/70 HPs)
             Began as a Hill Orc Monk on Apr 30, 2021.
             Was a Believer of Wu Jian.
             Mangled by Menkaure (15 damage)
             ... on level 5 of the Dungeon.
             The game lasted 00:19:12 (7412 turns).

ubername the Cleaver (Hill Orc Monk)                Turns: 7412, Time: 00:19:12

Health: -9/70      AC: 11    Str: 16    XL:     8   Next: 62%
Magic:  8/8        EV: 11    Int: 10    God:    Wu Jian [**....]
Gold:   263        SH:  0    Dex: 13    Spells: 7/7 levels left

rFire    x . .     SeeInvis .   a - +1 hand axe
rCold    + + .     Faith    .   (no shield)
rNeg     . . .     Spirit   .   l - +0 ice dragon scales
rPois    .         Reflect  .   i - +0 helmet
rElec    .         Harm     .   (no cloak)
rCorr    .         Rampage  .   (no gloves)
Will     .....                  (no boots)
Stlth    +.........             b - amulet of magic regeneration
HPRegen  0.21/turn              (no ring)
MPRegen  0.36/turn              (no ring)

@: no status effects
A: mutation resistance 1
a: Renounce Religion, Wall Jump


You were on level 5 of the Dungeon.
You worshipped Wu Jian.
Wu Jian was pleased with you.
You visited 2 branches of the dungeon, and saw 7 of its levels.

You collected 263 gold pieces.

Inventory:

Hand Weapons
 a - a +1 hand axe (weapon)
 p - a +0 war axe
 r - a +3 morningstar
Missiles
 d - 189 stones
 f - 5 boomerangs
 g - 19 poisoned darts (quivered)
 k - 5 atropa-tipped darts
Armour
 i - a +0 helmet (worn)
 l - +0 ice dragon scales (worn)
Jewellery
 b - an amulet of magic regeneration (around neck)
Wands
 c - a wand of enslavement (8)
Scrolls
 e - 2 scrolls of enchant weapon
 h - 2 scrolls of teleportation
 j - 12 scrolls of identify
 q - a scroll of enchant armour
Potions
 n - a potion of curing {unknown}
 o - a potion of flight {unknown}


   Skills:
 + Level 6.1 Fighting
 + Level 9.3 Axes
 + Level 0.9 Throwing
 + Level 4.3 Armour
 + Level 4.3 Dodging
 + Level 2.8 Stealth


You had 7 spell levels left.
You didn't know any spells.
Your spell library contained the following spells:

 Spells                   Type           Power        Failure   Level
 Confusing Touch          Hex            0%           99%         3
 Gell's Gravitas          Tloc           0%           99%         3
 Petrify                  Tmut/Erth      0%           100%        4
 Metabolic Englaciation   Hex/Ice        0%           100%        5
 Yara's Violent Unravell  Hex/Tmut       0%           100%        5


Dungeon Overview and Level Annotations

Branches:
Dungeon (6/15)             Temple (1/1) D:4

Altars:
Ashenzari
Cheibriados
Elyvilon
Gozag
Hepliaklqana
Kikubaaqudgha
Okawaru
Sif Muna
Trog
Uskayaw
Wu Jian
The Shining One

Annotations:
D:5 Menkaure


Innate Abilities, Weirdness & Mutations

You are somewhat resistant to further mutation.


Message History

You barely miss Menkaure.
Menkaure is heavily damaged.
Menkaure hits you!
You hit Menkaure but do no damage.
Menkaure is heavily damaged.
Menkaure hits you!
* * * LOW HITPOINT WARNING * * *
You hit Menkaure.
Menkaure is heavily damaged.
Menkaure calls on the powers of darkness!
Your body is wracked with pain!
* * * LOW HITPOINT WARNING * * *
You hit Menkaure.
Menkaure is heavily damaged.
Menkaure misses you.
Okay, then.
It was a potion of mutation.
You feel extremely strange.
You feel genetically stable. Menkaure hits you!
You die...

#...#...########............#
#...#...##.............O....#
#...'...##.......#######)...#
#####...##.......#######(..##
........##.......#......(..#
......).++.......+.........'O...
........##.......#.........##...
...[...[.........#.[.......# ..
#.....).........@#.....M...# .
.........[......M#.........#
................)'.........'
.....<..........##.........##
...###....#...............
..........#...............
.....#....#..............$
.......####...............
.........##........####...


You could see Menkaure (fast).

Vanquished Creatures
  A necrophage (D:5)
  2 ogres
  2 centaurs (D:5)
  2 scorpions
  5 wights (D:5)
  A howler monkey (D:4)
  A centaur zombie (D:5)
  A hound (D:5)
  An orc priest (D:5)
  A centaur skeleton (D:4)
  Natasha (thrice) (D:3)
  4 orc wizards
  A worker ant (D:3)
  2 hound zombies
  Robin (D:2)
  8 adders
  A shadow imp (D:5)
  A white imp (D:5)
  2 oozes
  An adder skeleton (D:4)
  A worm (D:2)
  2 dart slugs (D:2)
  A leopard gecko (D:4)
  25 orcs
  A ball python (D:3)
  9 bats
  6 giant cockroaches
  14 goblins
  11 hobgoblins
  2 quokkas
  4 frilled lizards
  A jackal zombie (D:5)
  6 kobolds
  A leopard gecko skeleton (D:4)
  A leopard gecko zombie (D:5)
  5 rats
131 creatures vanquished.

Notes
Turn   | Place    | Note
-------+----------+-------------------------------------------
     0 | D:1      | ubername the Hill Orc Monk began the quest for the Orb.
     0 | D:1      | Reached XP level 1. HP: 19/19 MP: 1/1
   308 | D:1      | Reached XP level 2. HP: 27/27 MP: 2/2
   812 | D:1      | Reached XP level 3. HP: 12/33 MP: 3/3
  1300 | D:2      | Noticed Robin
  1308 | D:2      | Reached skill level 5 in Axes
  1314 | D:2      | Reached XP level 4. HP: 24/40 MP: 4/4
  1319 | D:2      | Killed Robin
  1572 | D:2      | Found an opulent altar of Gozag.
  2252 | D:3      | Reached XP level 5. HP: 46/46 MP: 5/5
  2589 | D:3      | Reached skill level 6 in Axes
  3152 | D:3      | Noticed Natasha
  3154 | D:3      | Found a hide-covered altar of Uskayaw.
  3167 | D:3      | Killed Natasha
  3527 | D:3      | Noticed Natasha
  3534 | D:3      | Killed Natasha
  3535 | D:3      | Reached skill level 1 in Armour
  3535 | D:3      | Reached XP level 6. HP: 34/53 MP: 6/6
  3651 | D:3      | Noticed Natasha
  3728 | D:3      | Killed Natasha
  4144 | D:4      | Reached skill level 5 in Fighting
  4301 | D:4      | Found a staircase to the Ecumenical Temple.
  4426 | D:4      | Reached skill level 7 in Axes
  4426 | D:4      | Reached XP level 7. HP: 54/61 MP: 7/7
  4984 | D:4      | Found a shimmering blue altar of Sif Muna.
  5438 | D:5      | Entered Level 5 of the Dungeon
  5467 | Temple   | Entered the Ecumenical Temple
  5594 | Temple   | Became a worshipper of the Wu Jian Council
  5594 | Temple   | Reached * piety under Wu Jian
  5594 | Temple   | Reached ** piety under Wu Jian
  6250 | D:5      | Reached skill level 8 in Axes
  6304 | D:5      | Reached XP level 8. HP: 40/70 MP: 8/8
  7150 | D:5      | Reached skill level 9 in Axes
  7389 | D:5      | Noticed Menkaure
  7412 | D:5      | Gained mutation: You are somewhat resistant to further
                  | mutation. [potion of mutation]
  7412 | D:5      | Mangled by Menkaure

Illustrated notes

Levels and vault maps discovered:
D:1:      mrwooster_arrival_statue, layout_rooms, grunt_decor_arrowhead,
          minmay_split_cup_small
D:2:      layout_rooms, marbit_many_paths, uniq_robin
D:3:      layout_basic, lemuel_crystal_altar, uniq_natasha
D:4:      layout_rooms, old_standard_altar, minmay_temple_entry_stoned_glass
D:5:      layout_basic, uniq_menkaure
D:6:      layout_cave_pools, grunt_temple_overflow_lords_of_destruction,
          nicolae_qazlal_general_emergency,
          chequers_temple_overflow_statue_of_worship, st_stairs_10,
          small_statue_intersection, nicolae_xom_altar_mimics, uniq_duvessa
Temple:   nicolae_temple_figure_zero

Skill      XL: |  1  2  3  4  5  6  7  8 |
---------------+-------------------------+-----
Fighting       | 4 5 6 |  6.1
Dodging        | 3 4 |  4.3
Axes           | 5 6 7 8 9 |  9.3
Stealth        | 2 |  2.8
Armour         | 1 2 3 4 |  4.3
Throwing       | |  0.9

Action                   |  1- 3 |  4- 6 |  7- 9 || total
-------------------------+-------+-------+-------++-------
Melee: Hand axe          |   114 |   204 |   299 ||   617
Throw: Dart              |     1 |    15 |     5 ||    21
Invok: Whirlwind         |       |       |    29 ||    29
       Lunge             |       |       |     4 ||     4
 Abil: Wall Jump         |       |       |     3 ||     3
  Use: Scroll            |     4 |     3 |     3 ||    10
       Potion            |       |     4 |     3 ||     7
 Stab: Sleeping          |     2 |     3 |       ||     5
Armor: Robe              |    31 |     5 |       ||    36
       Leather armour    |       |    23 |       ||    23
       Ring mail         |       |     8 |     6 ||    14
       Ice dragon scales |       |       |    80 ||    80
       Scale mail        |       |       |    14 ||    14
Dodge: Dodged            |   103 |   135 |   127 ||   365
